[Event "8th Menchik Memorial 2024"]
[Site "London"]
[Date "2024.03.26"]
[Round "9.1"]
[White "Garcia Martin, Marta"]
[Black "Arakhamia-Grant, Ketevan"]
[Result "0-1"]
[ECO "B50"]
[WhiteElo "2356"]
[BlackElo "2290"]
[Annotator "RC"]
[PlyCount "168"]
[EventDate "2024.03.22"]
[EventType "tourn"]
[EventCountry "ENG"]
[SourceTitle "playchess.com"]
[Source "ChessBase"]
[SourceQuality "1"]
[TimeControl "5400+30"]

1. e4 c5 2. Nf3 e6 3. b3 d6 4. d4 cxd4 5. Nxd4 Nf6 6. Nc3 a6 7. Bb2 b5 8. Bd3 Bb7 9. O-O Nbd7 10. Qe2 Be7 11. a4 b4 12. Na2 Qb6 13. c3 bxc3 14. Bxc3 d5 15. a5 Qa7 16. e5 Ne4 17. Bxe4 dxe4 18. Rad1 Rd8 19. Nb4 Qc5 20. Rc1 O-O 21. Nxa6 Qa7 22. Nc7 Nc5 23. Ndb5 Ba6 24. Nxa6 Qxa6 25. Bb4 Nxb3 26. Bxe7 Nxc1 27. Rxc1 Rc8 28. Re1 Rfe8 29. Bh4 Rc5 30. Nd4 Qxe2 31. Nxe2 Rxe5 32. Ra1 Ra8 33. a6 Rb5 34. Nc3 Rb6 35. Nxe4 Raxa6 36. Rd1 h6 37. f3 Rb2 38. Bg3 Raa2 39. Nf2 g5 40. Rf1 f5 41. f4 Kf7 42. h4 g4 43. h5 Rd2 44. Rb1 e5 45. Rb7+ Ke8 46. Rb8+ Kd7 47. fxe5 f4 48. e6+ Kxe6 49. Rb6+ Kd5 50. Rd6+ Kxd6 51. Bxf4+ Ke6 52. Bxd2 g3 53. Be1 gxf2+ 54. Bxf2 Kf5 55. Be3 Ra6 56. g3 Kg4 57. Bf4 Kxh5 58. Kf2 Kg4 59. Ke3 h5 60. Bc7 Rc6 61. Bb8 Rb6 62. Bc7 Rb2 63. Bd6 Rg2 64. Bc7 Rxg3+ 65. Kf2 Rb3 66. Bd6 Kh3 67. Kg1 Rb1+ 68. Kf2 Rb6 69. Be5 Re6 70. Bc7 Rg6 71. Kf1 Rg4 72. Kf2 Kh4 73. Bd8+ Kh3 74. Bc7 Rc4 75. Be5 Rc1 76. Bd6 Kg4 77. Kg2 Rc2+ 78. Kg1 Kh3 79. Be5 Rg2+ 80. Kf1 Rg5 81. Bc7 Rg7 82. Bd6 Rg6 83. Be5 Kg4 84. Bc7 Kf3 0-1

[Event "8th Menchik Memorial 2024"]
[Site "London"]
[Date "2024.03.26"]
[Round "9.3"]
[White "Steil-Antoni, Fiona"]
[Black "Hunt, Harriet V"]
[Result "0-1"]
[ECO "B23"]
[WhiteElo "2154"]
[BlackElo "2307"]
[Annotator "RC"]
[PlyCount "64"]
[EventDate "2024.03.22"]
[EventType "tourn"]
[EventCountry "ENG"]
[SourceTitle "playchess.com"]
[Source "ChessBase"]
[SourceQuality "1"]
[TimeControl "5400+30"]

1. e4 c5 2. Nc3 a6 3. d4 cxd4 4. Qxd4 Nc6 5. Qe3 Nf6 6. Nf3 d5 7. e5 d4 8. Qe2 dxc3 9. exf6 Qa5 10. b3 gxf6 11. g3 Bg7 12. Bg2 O-O 13. O-O Bf5 14. Be3 Rfd8 15. Nh4 Be6 16. a3 Qb5 17. Qf3 Bd5 18. Qg4 Ne5 19. Qh5 Bxg2 20. Kxg2 e6 21. Rfd1 Rd5 22. a4 Qc6 23. Rxd5 Qxd5+ 24. Kg1 Rd8 25. Qe2 Rd7 26. a5 f5 27. h3 Nc6 28. Qh5 f4 29. Qxd5 Rxd5 30. Bxf4 Nb4 31. Ra4 Nxc2 32. Rc4 Bf6 0-1

[Event "8th Menchik Memorial 2024"]
[Site "London"]
[Date "2024.03.26"]
[Round "9.4"]
[White "Hryshchenko, Kamila"]
[Black "Subramanian, Anusha"]
[Result "1-0"]
[ECO "C65"]
[WhiteElo "2186"]
[BlackElo "1997"]
[Annotator "RC"]
[PlyCount "109"]
[EventDate "2024.03.22"]
[EventType "tourn"]
[EventCountry "ENG"]
[SourceTitle "playchess.com"]
[Source "ChessBase"]
[SourceQuality "1"]
[TimeControl "5400+30"]

1. e4 e5 2. Nf3 Nc6 3. Bb5 Nf6 4. d3 Bc5 5. c3 O-O 6. O-O d6 7. h3 a6 8. Ba4 b5 9. Bc2 h6 10. Be3 Bxe3 11. fxe3 d5 12. Qe1 dxe4 13. dxe4 Be6 14. Nbd2 Qe7 15. b4 a5 16. a3 Rfb8 17. Bd3 Rb7 18. Qe2 Rab8 19. Nh4 Nd8 20. Nf5 Bxf5 21. Rxf5 axb4 22. axb4 c5 23. Raf1 cxb4 24. cxb4 Qd6 25. Bc2 Nc6 26. Bb3 Ne7 27. R5f2 Rd8 28. Rxf6 gxf6 29. Qh5 Nc8 30. Qg6+ Kf8 31. Rxf6 Qxf6 32. Qxf6 Rxd2 33. Qh8+ Ke7 34. Qxc8 Rdd7 35. Qc5+ Kf6 36. Bd5 Rbc7 37. Qxb5 Rc1+ 38. Kh2 Rdc7 39. Qa6+ Kg7 40. b5 Rb1 41. Qd6 Rcc1 42. Qxe5+ Kf8 43. Qd6+ Kg7 44. b6 h5 45. e5 Rf1 46. Bf3 h4 47. Qf6+ Kg8 48. Qxh4 Rb2 49. b7 Rfb1 50. Be4 Rxb7 51. Qh7+ Kf8 52. Qh8+ Ke7 53. Qf6+ Kf8 54. Bxb7 Rxb7 55. h4 1-0

[Event "8th Menchik Memorial 2024"]
[Site "London"]
[Date "2024.03.26"]
[Round "9.5"]
[White "Smith, Olivia"]
[Black "Sivanandan, Bodhana"]
[Result "1-0"]
[ECO "B12"]
[WhiteElo "2054"]
[BlackElo "2088"]
[Annotator "RC"]
[PlyCount "167"]
[EventDate "2024.03.22"]
[EventType "tourn"]
[EventCountry "ENG"]
[SourceTitle "playchess.com"]
[Source "ChessBase"]
[SourceQuality "1"]
[TimeControl "5400+30"]

1. e4 c6 2. d4 d5 3. e5 Bf5 4. h4 h5 5. Bd3 Bxd3 6. Qxd3 e6 7. Bg5 Be7 8. Nf3 Nh6 9. Nbd2 Nf5 10. Nf1 Nd7 11. Ne3 Nxe3 12. Bxe3 Qa5+ 13. c3 Qb5 14. Qc2 c5 15. a4 Qc6 16. O-O O-O 17. Bg5 Bxg5 18. Nxg5 g6 19. Qe2 cxd4 20. cxd4 Rac8 21. Ra3 Qc2 22. Qe3 Nb6 23. Nh3 Kg7 24. Qg5 Nc4 25. Qf6+ Kg8 26. Rc3 Qf5 27. Qxf5 exf5 28. Rfc1 Rcd8 29. b3 Na5 30. Nf4 Nc6 31. Rd1 Rd7 32. Kf1 Rc8 33. b4 Rcd8 34. b5 Na5 35. Ke2 b6 36. Rdc1 Nc4 37. Nd3 Kg7 38. R1c2 f6 39. f4 Re8 40. Kf3 Kf7 41. Nb4 fxe5 42. fxe5 Red8 43. Kf4 Ke6 44. Nd3 Kf7 45. Nb2 Ke6 46. Nd3 Kf7 47. Kf3 Rc7 48. Ke2 Re7 49. Kf2 Red7 50. Nf4 Rb7 51. Rg3 Rg8 52. Nxd5 Rd8 53. e6+ Ke8 54. Rxc4 Rxd5 55. Rxg6 Kf8 56. Rc8+ Ke7 57. Rg7+ Kxe6 58. Rxb7 Rxd4 59. Rxa7 Ke5 60. a5 bxa5 61. Rxa5 Kf4 62. b6 Rd2+ 63. Kf1 Rb2 64. Rc4+ Ke3 65. Ra3+ Kd2 66. Rc6 f4 67. Kf2 Rb5 68. Kf3 Rb4 69. Ra2+ Kd3 70. Rf6 Rb1 71. Kxf4 Rb4+ 72. Kg5 Rb5+ 73. Kg6 Kd4 74. Kf7 Ke4 75. Ke7 Ke5 76. Rh6 Kf4 77. Kd7 Kg4 78. Kc7 Kxh4 79. Rc6 Kg3 80. b7 Rxb7+ 81. Kxb7 h4 82. Rc3+ Kh2 83. g4+ Kg1 84. Rc1# 1-0